Map: Cyber Forest LE

Players

pHARM - Winner!

  • Race: Zerg Zerg
  • League: Platinum
  • Spawn Location: 11:00

Sourmintz

  • Race: Zerg Zerg
  • League: Platinum
  • Spawn Location: 5:00

VOD

Have the link to the VOD?

Description

Time

  • Played on: Aug. 5, 2019, 2 a.m.
  • Length: 9:22
Show
View Real Time Build Order
Export as new Build Order

pHARM Zerg - Winner!

Build Orders: Hatch First 

Get SALT Encoding   

  12  0:01  Drone  
  13  0:13  Overlord  
  13  0:18  Drone  
  14  0:34  Drone x2  
  16  0:37  Drone  
  17  0:56  Hatchery  
  16  1:04  Drone  
  16  1:11  Drone  
  18  1:15  Spawning Pool  
  18  1:17  Drone  
  18  1:24  Drone  
  19  1:37  Drone  
  20  1:44  Extractor  
  19  1:47  Drone  
  20  2:07  Overlord  
  20  2:08  Drone  
  20  2:09  Drone  
  22  2:30  Drone x3  
  22  2:31  Queen x2, Spine Crawler  
  22  2:36  Zergling x2  
  29  2:45  Drone  
  29  2:46  Drone x2  
  31  3:06  Drone x4  
  31  3:12  Lair  
  35  3:19  Overlord  
  36  3:27  Drone  
  36  3:29  Overlord  
  36  3:37  Queen  
  38  3:47  Drone x6  
  44  3:53  Evolution Chamber  
  43  3:57  Roach Warren  
  43  3:59  Drone  
  43  4:00  Evolution Chamber, Drone x4  
  46  4:09  Drone  
  47  4:16  Extractor x2  
  45  4:19  Zerg Missile Weapons Level 1  
  45  4:30  Drone x2  
  45  4:31  Drone  
  48  4:41  Glial Reconstitution  
  48  4:43  Overlord x2  
  50  4:45  Roach  
  50  4:46  Roach  
  52  5:03  Roach x7  
  52  5:05  Overlord  
  66  5:11  Overlord  
  66  5:21  Drone  
  66  5:25  Roach x4  
  75  5:34  Roach x3  
  81  5:46  Roach  
  81  5:49  Overlord  
  83  5:50  Overlord  
  83  5:59  Hatchery  
  82  6:15  Overlord x2  
  82  6:16  Drone x8  
  85  6:34  Spore Crawler  
  85  6:37  Spore Crawler  
  79  6:42  Spore Crawler  
  54  6:55  Queen  
  54  6:56  Queen  
  54  6:59  Spore Crawler  
  55  7:05  Hydralisk Den  
  54  7:08  Spore Crawler  
  54  7:09  Overlord x4  
  54  7:11  Queen  
  51  7:31  Queen x2  
  53  7:45  Roach x18  
  53  7:46  Queen  
  91  8:04  Grooved Spines  
  91  8:05  Hydralisk x3  
  91  8:07  Queen  
  99  8:18  Drone x6  
  105  8:23  Hydralisk  
  105  8:24  Hydralisk x2  
  111  8:39  Hydralisk x5  
  121  8:48  Hydralisk x2  
  121  8:49  Hydralisk  
  127  9:01  Overlord x2  
  127  9:02  Overlord  
Show
View Real Time Build Order
Export as new Build Order

Sourmintz Zerg 

Build Orders: Pool First 

Get SALT Encoding   

  12  0:02  Drone  
  13  0:10  Drone  
  14  0:17  Overlord  
  14  0:35  Drone  
  15  0:39  Spawning Pool  
  15  0:41  Drone  
  15  0:47  Drone  
  16  1:11  Drone  
  16  1:15  Hatchery  
  16  1:16  Extractor  
  15  1:20  Drone  
  15  1:21  Drone  
  17  1:28  Drone  
  18  1:36  Queen  
  20  1:47  Spine Crawler  
  20  1:50  Zergling x4  
  21  1:56  Drone  
  22  2:02  Extractor  
  22  2:05  Drone  
  22  2:23  Overlord  
  22  2:40  Drone x4  
  22  2:42  Lair  
  26  2:47  Queen  
  28  2:56  Metabolic Boost  
  26  3:16  Drone x6  
  33  3:20  Drone  
  33  3:32  Spine Crawler  
  32  3:44  Spire  
  31  3:50  Zergling x6  
  31  3:51  Drone  
  35  3:57  Drone  
  35  4:02  Extractor  
  35  4:03  Extractor  
  35  4:05  Overlord  
  34  4:17  Overlord x2  
  34  4:25  Spore Crawler  
  34  4:26  Overseer  
  34  4:27  Drone  
  34  4:28  Drone x2  
  36  4:36  Drone x3  
  39  4:38  Drone  
  40  4:46  Zergling x2  
  40  4:47  Zergling x4  
  40  4:49  Drone  
  44  4:53  Drone  
  44  4:54  Drone  
  46  5:01  Mutalisk  
  46  5:06  Mutalisk  
  50  5:09  Mutalisk  
  52  5:19  Infestation Pit, Drone  
  52  5:24  Overlord  
  52  5:39  Overlord  
  52  5:41  Hatchery  
  51  5:56  Mutalisk x5  
  57  5:59  Mutalisk  
  63  6:11  Mutalisk  
  65  6:21  Zergling x4  
  65  6:22  Zergling x2  
  66  6:28  Mutalisk  
  62  6:39  Mutalisk  
  55  6:53  Mutalisk  
  49  7:01  Drone x2  
  49  7:02  Drone x4  
  49  7:04  Drone  
  56  7:15  Mutalisk  
  50  7:33  Mutalisk  
  40  7:49  Corruptor  
  37  7:51  Drone x3  
  37  7:52  Drone x2  
  37  7:54  Drone  
  37  7:55  Drone x2  
  44  8:09  Zergling x12  
  50  8:25  Drone x3  
  50  8:26  Drone x2  
  52  8:37  Zergling x2  
  52  8:38  Zergling x4  
  48  8:43  Zergling x2  
  48  8:46  Spine Crawler  
  48  8:47  Spine Crawler  
  45  8:49  Zergling x4, Spine Crawler  
  43  8:59  Zergling x2  
  43  9:00  Zergling x2  
Tags
 
Add a new tag
Caveats
  • Supply blocks, unpowered buildings, or Contaminate may cause inaccurate times.
  • Supply counts are checked every 10 seconds.